Map: Orbital Shipyard

Players

Miszu

  • Race: Terran Terran
  • League: Master

llllllllllll - Winner!

  • Race: Protoss Protoss
  • League: Master

VOD

Have the link to the VOD?

Description

Time

  • Played on: Feb. 5, 2016, 3:23 p.m.
  • Length: 9:20
Show
View Real Time Build Order
Export as new Build Order

Miszu Terran 

Build Orders: 1/1/1, Liberator Opening, MMM Bio 

Get SALT Encoding   

  12  0:01  SCV  
  13  0:13  SCV  
  14  0:18  Supply Depot  
  14  0:25  SCV  
  15  0:39  SCV  
  15  0:40  Barracks  
  16  0:43  Refinery  
  16  0:51  SCV  
  16  0:54  Refinery  
  17  1:05  SCV  
  18  1:17  SCV  
  20  1:33  Marine, Orbital Command  
  20  1:34  Factory  
  20  1:47  Supply Depot  
  20  1:51  Barracks Reactor  
  20  1:58  SCV  
  21  2:10  SCV  
  22  2:18  Supply Depot  
  22  2:21  Starport  
  22  2:22  Factory Tech Lab, SCV  
  23  2:28  Marine  
  23  2:29  Marine  
  25  2:35  SCV  
  26  2:43  Hellion  
  28  2:46  Marine  
  28  2:47  Marine, SCV  
  31  2:59  Medivac  
  31  3:02  SCV  
  31  3:04  Hellion  
  31  3:05  Supply Depot  
  36  3:13  Liberator  
  36  3:14  SCV  
  37  3:20  Marine x2  
  42  3:27  Hellion, SCV  
  45  3:38  Marine x2  
  45  3:39  SCV  
  47  3:55  Command Center  
  47  3:59  Supply Depot  
  47  4:04  Liberator  
  47  4:08  Supply Depot  
  47  4:20  Marine, SCV  
  50  4:35  Marine  
  50  4:36  SCV  
  48  4:38  Marine  
  48  4:44  Barracks x2  
  49  4:52  Liberator  
  46  5:01  SCV  
  46  5:02  Marine x2  
  46  5:03  Siege Tank  
  47  5:20  Marine x2  
  49  5:23  SCV  
  49  5:26  Orbital Command  
  50  5:34  Barracks Tech Lab  
  50  5:35  Barracks Tech Lab, SCV  
  51  5:39  Siege Tank  
  54  5:46  Marine  
  54  5:47  SCV  
  56  5:52  Starport Reactor  
  56  5:58  SCV  
  56  5:59  SCV  
  59  6:08  Refinery x2  
  59  6:10  SCV  
  56  6:11  Siege Tank  
  56  6:13  SCV  
  56  6:16  Barracks Tech Lab  
  56  6:17  Supply Depot  
  60  6:24  SCV  
  61  6:26  Marine, Stimpack  
  61  6:32  Barracks Reactor  
  62  6:38  Marine, Medivac x2  
  62  6:39  Supply Depot, SCV  
  68  6:44  Marine, SCV  
  68  6:46  Barracks x2  
  70  6:55  Combat Shields  
  75  7:01  Siege Tank, SCV x2  
  75  7:03  Supply Depot  
  75  7:04  Supply Depot  
  75  7:06  Engineering Bay  
  75  7:08  Marine  
  75  7:09  Marine  
  75  7:12  Marine  
  78  7:24  Marine, Medivac, SCV  
  78  7:25  Supply Depot  
  78  7:26  Supply Depot  
  82  7:33  Siege Tank  
  82  7:34  Barracks Tech Lab  
  82  7:35  Marine, Barracks Tech Lab  
  82  7:36  Marine x2  
  88  7:42  Marine  
  89  7:44  Medivac  
  89  7:47  Supply Depot  
  89  7:49  Supply Depot  
  91  7:53  Marine x3  
  91  7:54  Marine x2  
  96  8:01  Marine  
  97  8:11  Marine  
  98  8:12  Marine  
  98  8:13  Marine, Marauder x2  
  98  8:15  Concussive Shells  
  98  8:17  Siege Tank  
  98  8:19  Marine  
  108  8:29  Marine  
  108  8:30  Marine  
  108  8:33  Marine  
  111  8:35  Marauder x2  
  111  8:37  Supply Depot  
  111  8:38  Supply Depot  
  115  8:54  Marine, Marauder  
Show
View Real Time Build Order
Export as new Build Order

llllllllllll Protoss - Winner!

Build Orders: 1 Gate Expand, Blink Stalkers 

Get SALT Encoding   

  12  0:01  Probe (Chrono Boost)  
  13  0:11  Probe (Chrono Boost)  
  14  0:17  Pylon  
  14  0:22  Probe (Chrono Boost)  
  15  0:35  Probe (Chrono Boost)  
  16  0:39  Gateway  
  16  0:46  Probe (Chrono Boost)  
  17  0:57  Assimilator  
  17  1:10  Nexus  
  17  1:14  Probe (Chrono Boost)  
  18  1:25  Probe (Chrono Boost)  
  19  1:26  Assimilator  
  19  1:34  Cybernetics Core  
  19  1:36  Probe (Chrono Boost)  
  20  1:46  Pylon, Probe (Chrono Boost)  
  21  1:57  Probe (Chrono Boost)  
  22  2:10  Stalker, Mothership Core (Chrono Boost)  
  26  2:21  Warp Gate (Chrono Boost)  
  27  2:23  Probe (Chrono Boost)  
  27  2:29  Probe (Chrono Boost)  
  28  2:33  Probe (Chrono Boost)  
  28  2:35  Twilight Council  
  29  2:39  Probe (Chrono Boost)  
  29  2:44  Probe (Chrono Boost)  
  31  2:45  Stalker  
  31  2:50  Probe (Chrono Boost)  
  34  2:54  Probe (Chrono Boost)  
  35  3:00  Blink (Chrono Boost), Probe (Chrono Boost)  
  35  3:04  Probe (Chrono Boost)  
  37  3:07  Pylon  
  37  3:11  Probe (Chrono Boost)  
  38  3:14  Probe  
  39  3:22  Probe  
  39  3:24  Probe  
  39  3:26  Gateway  
  41  3:29  Gateway  
  41  3:35  Probe  
  41  3:36  Probe  
  43  3:45  Robotics Facility  
  43  3:47  Probe  
  44  3:50  Probe  
  44  3:52  Assimilator  
  45  3:57  Assimilator  
  45  3:58  Pylon  
  45  3:59  Probe  
  46  4:03  Probe  
  46  4:09  Pylon  
  47  4:11  Probe  
  47  4:15  Probe  
  49  4:22  Stalker x2  
  52  4:24  Stalker  
  52  4:35  Probe x2  
  50  4:39  Observer  
  51  4:47  Stalker x2, Probe x2  
  57  4:59  Probe x2  
  58  5:10  Observer  
  58  5:11  Probe x2  
  58  5:12  Nexus  
  61  5:23  Probe  
  61  5:28  Pylon  
  62  5:32  Pylon  
  62  5:40  Probe  
  62  5:41  Probe  
  62  5:46  Observer  
  62  5:48  Pylon  
  63  5:50  Stalker x3  
  63  5:52  Probe  
  70  6:00  Probe  
  68  6:04  Probe  
  68  6:08  Observer  
  68  6:12  Pylon, Probe  
  68  6:16  Probe  
  70  6:22  Charge  
  70  6:24  Probe  
  71  6:28  Probe  
  71  6:30  Robotics Bay  
  71  6:32  Forge  
  72  6:33  Forge, Probe  
  72  6:37  Probe  
  74  6:40  Probe  
  74  6:44  Probe  
  76  6:49  Pylon, Probe  
  76  6:52  Probe  
  78  6:55  Probe  
  78  7:01  Probe  
  80  7:05  Protoss Ground Weapons Level 1 (Chrono Boost), Probe  
  80  7:06  Protoss Ground Armor Level 1 (Chrono Boost)  
  81  7:09  Gateway  
  81  7:11  Probe  
  81  7:12  Colossus (Chrono Boost), Gateway x2  
  81  7:13  Gateway, Probe  
  83  7:17  Gateway  
  89  7:23  Probe x2  
  89  7:26  Assimilator  
  89  7:29  Extended Thermal Lance  
  91  7:31  Assimilator, Probe  
  91  7:35  Probe x2  
  91  7:36  Pylon  
  94  7:40  Gateway  
  94  7:42  Gateway  
  94  7:47  Templar Archives  
  94  7:48  Probe x2  
  94  7:50  Probe  
  97  7:58  Colossus  
  97  8:00  Probe  
  98  8:12  Zealot x3  
  108  8:13  Zealot x4  
  118  8:24  Pylon  
  118  8:26  Pylon  
  118  8:28  Pylon  
  118  8:35  Zealot x3  
  118  8:40  Pylon  
  124  8:44  High Templar x4, Zealot x2  
  124  8:45  Zealot  
  124  8:48  Archon x2  
  138  8:54  Pylon  
  138  8:58  Zealot x3  
  144  9:06  Zealot x2  
Tags
 
Add a new tag
Caveats
  • Supply blocks, unpowered buildings, or Contaminate may cause inaccurate times.
  • Supply counts are checked every 10 seconds.